 Dungeon Crawl Stone Soup version 0.26-a0-542-gbaa144ba5c (webtiles) character file.

Game seed: 1898536808986704657

28 MrRokkomies the Vexing (level 2, 0/11 HPs)
             Began as a Felid Enchanter on Aug 17, 2020.
             Slain by a jackal (2 damage)
             ... on level 2 of the Dungeon.
             The game lasted 00:03:16 (1895 turns).

MrRokkomies the Vexing (Felid Enchanter)            Turns: 1895, Time: 00:03:17

Health: 0/11       AC:  1    Str:  4    XL:     2   Next: 96%
Magic:  6/6        EV: 18    Int: 16    God:
Gold:   38         SH:  0    Dex: 16    Spells: 2/5 levels left
                                        Lives:  0   Deaths: 0

rFire    . . .     SeeInvis +     - Unarmed
rCold    . . .     Faith    .   (shield unavailable)
rNeg     . . .     Spirit   .   (armour unavailable)
rPois    .         Reflect  .   (helmet unavailable)
rElec    .         Harm     .   (cloak unavailable)
rCorr    .                      (gloves unavailable)
MR       .....                  (boots unavailable)
Stlth    +++.......             (no amulet)
HPRegen  0.03/turn              (no ring)
MPRegen  0.10/turn              (no ring)

@: quick
A: very small, no armour, no weapons or thrown items, stealth, claws 1, fangs 3,
see invisible, speed 1, shaggy fur 1, sharp paws
a: no special abilities


You were on level 2 of the Dungeon.
You visited 1 branch of the dungeon, and saw 2 of its levels.

You collected 38 gold pieces.

Inventory:

Scrolls
 a - 3 scrolls of teleportation {unknown}
Potions
 b - a potion of stabbing {unknown}
 c - a potion of cancellation {unknown}
 d - a potion of might {unknown}


   Skills:
 + Level 3.1 Dodging
 + Level 4.3 Stealth
 * Level 1.7 Unarmed Combat
 - Level 2.0 Spellcasting
 * Level 5.1 Hexes


You had 2 spell levels left.
You knew the following spells:

 Your Spells              Type           Power        Failure   Level
a - Corona                Hex            ###....      2%          1
b - Ensorcelled Hibernat  Hex/Ice        #.....       11%         2

Your spell library contained the following spells:

 Spells                   Type           Power        Failure   Level
 Confusing Touch          Hex            ###.....     8%          3
 Tukima's Dance           Hex            ###.....     8%          3
 Dazzling Flash           Conj/Hex       #.....       22%         3


Dungeon Overview and Level Annotations

Branches:
Dungeon (1/15)

Altars:


Innate Abilities, Weirdness & Mutations

You cannot wear armour.
You are incapable of wielding weapons or throwing items.
Your paws allow you to move quietly. (Stealth)
You have sharp claws.
You have razor-sharp teeth.
You have supernaturally acute eyesight. (SInv)
You cover ground quickly.
You are covered in fur. (AC +1)
Your sharp claws are effective at attacking unaware monsters.


Message History

The jackal closely misses you. The jackal misses you. x2
You scratch the jackal.
You kill the jackal!
The jackal closely misses you. The jackal bites you. The jackal misses you.
The jackal closely misses you.
You are too injured to fight recklessly!
You are too injured to fight recklessly!
The jackal bites you.
There is a stone staircase leading down here.
You scratch the jackal.
The jackal is almost dead.
The jackal barely misses you. The jackal completely misses you.
You barely miss the jackal.
The jackal is almost dead.
The jackal bites you.
* * * LOW HITPOINT WARNING * * *
You scratch the jackal.
You kill the jackal!
You closely miss the jackal. The jackal bites you.
You die...

......#
#.....#
##.....#
#......#
#......#
##>....##
#......#
#h#.(.##
#@#...#
#...#..##
#...#..#
.....####
#.###.#
... #..
... ###
..


You could see a jackal.

Vanquished Creatures
  A dart slug (D:1)
  A bat (D:1)
  2 giant cockroaches (D:1)
  3 goblins (D:1)
  2 hobgoblins (D:1)
  2 jackals (D:2)
  4 kobolds (D:1)
  2 ball pythons (D:1)
  2 frilled lizards (D:1)
  5 rats (D:1)
24 creatures vanquished.

Notes
Turn   | Place    | Note
-------+----------+-------------------------------------------
     0 | D:1      | MrRokkomies the Felid Enchanter began the quest for the
                  | Orb.
     0 | D:1      | Reached XP level 1. HP: 7/7 MP: 4/4
   281 | D:1      | Reached XP level 2. HP: 1/11 MP: 4/6
   299 | D:1      | Learned a level 2 spell: Ensorcelled Hibernation
  1463 | D:1      | Reached skill level 5 in Hexes
  1874 | D:1      | You fall into a shaft and drop 1 floor!
  1895 | D:2      | Slain by a jackal

Illustrated notes

Levels and vault maps discovered:
D:1:      psy_arrival_basics, layout_basic
D:2:      minmay_skewed_foursquare, layout_rooms, mrwooster_statue_mirror

Skill      XL: |  1  2 |
---------------+-------+-----
Dodging        | 3 |  3.1
Hexes          | 5 |  5.1
Stealth        | |  4.3
Unarmed Combat | |  1.7
Spellcasting   | |  2.0

Action                   || total
-------------------------++-------
Melee: Unarmed           ||    71
       Bite              ||     3
 Cast: Corona            ||     2
       Ensorcelled Hiber ||     9
 Stab: Sleeping          ||    16
Dodge: Dodged            ||    53

Table legend: (Time is in decaauts)
 A = Elapsed time spent in this place.
 B = Non-inter-level travel time spent in this place.
 C = Inter-level travel time spent in this place.
 D = Time resting spent in this place.
 E = Time spent auto-exploring this place.
 F = Levels seen in this place.
 G = Mean time per level.
                   A        B        C        D        E       F      G
               +--------+--------+--------+--------+--------+-----+--------+
         Total |   1785 |   1785 |      0 |    897 |    672 |   2 |  892.5 |
       Dungeon |   1785 |   1785 |      0 |    897 |    672 |   2 |  892.5 |
               +--------+--------+--------+--------+--------+-----+--------+

Top non-repeatable levels by time:
     D:1: 1767 daAuts
     D:2: 18 daAuts
